 Dungeon Crawl Stone Soup version 0.25-a0-940-gc6eaff51cc (webtiles) character file.

Game seed: 651076014687892053, levelgen mode: deterministic

1494 Hasart the Magician (level 8, -5/41 HPs)
             Began as a Deep Elf Wizard on May 5, 2020.
             Was a Follower of Sif Muna.
             Killed by nerve-wracking pain
             ... invoked by a shadow imp
              (14 damage)
             ... on level 7 of the Dungeon.
             The game lasted 00:21:37 (9394 turns).

Hasart the Magician (Deep Elf Wizard)               Turns: 9394, Time: 00:21:37

Health: -5/41      AC:  8    Str:  7    XL:     8   Next: 51%
Magic:  12/19      EV: 15    Int: 26    God:    Sif Muna [*.....]
Gold:   230        SH:  0    Dex: 17    Spells: 9/20 levels left

rFire    . . .     SeeInvis .   b - +0 scythe (flame)
rCold    + . .     Gourm    .   (shield currently unavailable)
rNeg     . . .     Faith    .   v - +2 animal skin
rPois    .         Spirit   .   w - +0 helmet
rElec    .         Reflect  .   (no cloak)
rCorr    .         Harm     .   u - +2 pair of gloves {Str+3}
MR       .....                  (no boots)
Stlth    ++........             (no amulet)
HPRegen  0.13/turn              s - +4 ring of dexterity
MPRegen  0.16/turn              x - ring of protection from cold

@: marked
A: no striking features
a: Channel Magic, Renounce Religion


You were on level 7 of the Dungeon.
You worshipped Sif Muna.
Sif Muna was aware of your devotion.
You were hungry.

You visited 2 branches of the dungeon, and saw 8 of its levels.

You collected 365 gold pieces.
You spent 135 gold pieces at shops.

Inventory:

Hand Weapons
 b - a +0 scythe of flaming (weapon)
 f - a +0 spear
Armour
 u - a +2 pair of gloves of strength (worn)
 v - a +2 animal skin (worn)
 w - a +0 helmet (worn)
Jewellery
 l - an uncursed ring of flight
 p - an uncursed ring of fire
 r - an uncursed ring of resist corrosion
 s - a +4 ring of dexterity (left hand)
 x - a ring of protection from cold (right hand)
Wands
 y - a wand of disintegration (15)
 B - a wand of polymorph (8)
Scrolls
 h - 3 scrolls of remove curse {unknown}
 i - 2 scrolls of enchant weapon {unknown}
 k - 2 scrolls of immolation {unknown}
 n - 7 scrolls of identify {unknown}
 q - a scroll of magic mapping {unknown}
 t - a scroll of blinking {unknown}
 C - a scroll of acquirement {unknown}
 E - a scroll of teleportation {unknown}
 F - a scroll of amnesia {unknown}
 G - a scroll of fear {unknown}
 J - a scroll of enchant armour {unknown}
Potions
 a - a potion of magic {unknown}
 c - a potion of heal wounds {unknown}
 e - a potion of stabbing {unknown}
 g - 2 potions of brilliance {unknown}
 j - 3 potions of might {unknown}
 m - 4 potions of curing
 o - 2 potions of lignification {unknown}
 z - 2 potions of haste {unknown}
 A - a potion of mutation {unknown}
 D - a potion of invisibility {unknown}
 I - a potion of berserk rage {unknown}
Comestibles
 d - 18 rations
 H - 3 chunks of flesh


   Skills:
 + Level 5.2 Dodging
 - Level 2.4 Stealth
 + Level 6.6 Spellcasting
 * Level 6.2 Conjurations
 + Level 3.8 Summonings
 + Level 3.9 Translocations
 + Level 3.2 Air Magic
 + Level 3.5 Poison Magic


You had 9 spell levels left.
You knew the following spells:

 Your Spells              Type           Power        Failure   Level  Hunger
a - Magic Dart            Conj           ####         1%          1    None
b - Call Imp              Summ           ####....     1%          2    None
c - Blink                 Tloc           N/A          1%          2    None
d - Mephitic Cloud        Conj/Pois/Air  ####....     3%          3    None
e - Conjure Flame         Conj/Fire      ###.....     5%          3    None

Your spell library contained the following spells:

 Spells                   Type           Power        Failure   Level  Hunger
 Slow                     Hex            #.......     10%         2    None


Dungeon Overview and Level Annotations

Branches:
Dungeon (7/15)             Temple (1/1) D:5

Altars:
Ashenzari
Cheibriados
Elyvilon
Gozag
Hepliaklqana
Kikubaaqudgha
Makhleb
Nemelex Xobeh
Okawaru
Ru
Sif Muna
Trog
Uskayaw
Vehumet
Wu Jian
Xom
Yredelemnul
The Shining One

Shops:
D:4 (*([   D:5 [   D:7 [(

Annotations:
D:4 3 runed translucent doors, ra1n577's ghost, amateur MfBe
D:7 Harold


Message History

Press: ? - help, Shift-Dir - straight line, f - Harold, p - centaur
Aim: Harold, wielding a +0 flail, wearing a +0 chain mail, quivering a throwing net and carrying a wand of polymorph (9)
The ball explodes into a vile cloud!
The stinking cloud engulfs Harold but does no damage.
You hear a howl! x3
An adder comes into view.
A howler monkey comes into view.
The shadow imp hits you but does no damage.
Harold is engulfed in noxious fumes.
Harold appears confused.
The worker ant bites you but does no damage.
Unknown command.
Unknown command.
Unknown command.
You rip the net and break free!
The worker ant closely misses you.
Harold is engulfed in noxious fumes.
A quasit comes into view.
Unknown command.
A bullfrog comes into view.
The shadow imp gestures at you. Pain shoots through your body!
You die...

..###.. ..#.#.. ###...5.
#...☼°# ##..@☼# #...°☼#
# .##.######...a###.#
.......(...5÷5@<.F#
..#)..##S..(..#........
.........###..#.....##.
#.....%..... #.......##
#.......##...h.......#
#....#..##.c...##.c....
.....#.>##.#.h..........
.......###.#............
...8..∩..8.....∩. ....


You could see Harold (confused), a bullfrog, a centaur (confused), 2 howler
monkeys, a worker ant, an adder and 2 shadow imps.

Vanquished Creatures
  2 orc warriors (D:6)
  2 ice beasts (D:6)
  An ogre (D:6)
  A centaur (D:6)
  2 bullfrogs (D:6)
  A howler monkey (D:4)
  3 crimson imps
  A bullfrog zombie (D:5)
  A bullfrog skeleton (D:6)
  2 hounds
  4 jellies
  2 orc wizards (D:6)
  3 worker ants
  A hound skeleton (D:6)
  A howler monkey zombie (D:6)
  Robin (D:3)
  6 adders
  A shadow imp (D:6)
  An ooze (D:1)
  An adder skeleton (D:5)
  A leopard gecko (D:6)
  22 orcs
  4 ball pythons
  5 bats
  5 giant cockroaches
  12 goblins
  18 hobgoblins
  4 jackals (D:5)
  7 kobolds
  4 quokkas
  7 frilled lizards
  A quokka skeleton (D:6)
  9 rats
136 creatures vanquished.

Vanquished Creatures (collateral kills)
  Sigmund (D:4)
1 creature vanquished.

Grand Total: 137 creatures vanquished

Notes
Turn   | Place    | Note
-------+----------+-------------------------------------------
     0 | D:1      | Hasart the Deep Elf Wizard began the quest for the Orb.
     0 | D:1      | Reached XP level 1. HP: 10/10 MP: 7/7
   245 | D:1      | Reached XP level 2. HP: 15/15 MP: 4/9
   784 | D:1      | Reached XP level 3. HP: 19/19 MP: 3/11
   892 | D:1      | Learned a level 2 spell: Call Imp
   895 | D:1      | Learned a level 2 spell: Blink
   899 | D:1      | Learned a level 3 spell: Mephitic Cloud
  3006 | D:3      | Reached skill level 5 in Spellcasting
  3006 | D:3      | Reached XP level 4. HP: 24/24 MP: 4/13
  3074 | D:3      | Learned a level 3 spell: Conjure Flame
  3773 | D:3      | Found an iron altar of Okawaru.
  4334 | D:4      | Reached skill level 1 in Poison Magic
  4334 | D:4      | Reached XP level 5. HP: 28/28 MP: 7/14
  4345 | D:4      | Noticed Robin
  4369 | D:3      | Reached skill level 1 in Air Magic
  4460 | D:3      | Killed Robin
  4607 | D:4      | Found a sparkling altar of Nemelex Xobeh.
  4674 | D:4      | Found Vyoshra's Assorted Antiques.
  4679 | D:4      | Found Rosowkar's Antique Weapon Emporium.
  4707 | D:4      | Bought a pair of glowing gloves for 135 gold pieces
  4731 | D:4      | Found Ohastrar's Weapon Boutique.
  5007 | D:4      | Found a runed translucent gate.
  5007 | D:4      | Found an opulent altar of Gozag.
  5008 | D:4      | Found a runed translucent gate.
  5009 | D:4      | Found a runed translucent gate.
  5010 | D:4      | Noticed ra1n577's ghost (amateur MfBe)
  5034 | D:4      | Noticed Sigmund
  5223 | D:4      | Found Setat's Antique Armour Boutique.
  5257 | D:4      | Killed Sigmund
  5257 | D:4      | Reached XP level 6. HP: 32/32 MP: 3/16
  5622 | D:5      | Entered Level 5 of the Dungeon
  5651 | D:5      | Found Zokhusk's Armour Boutique.
  5955 | D:5      | Found a glowing golden altar of the Shining One.
  6096 | D:5      | Reached XP level 7. HP: 36/36 MP: 11/17
  6445 | D:5      | Found a staircase to the Ecumenical Temple.
  6490 | D:5      | Found a radiant altar of Vehumet.
  6531 | Temple   | Entered the Ecumenical Temple
  6562 | Temple   | Became a worshipper of Sif Muna the Loreminder
  6624 | D:5      | Found a shimmering altar of Xom.
  6699 | D:5      | Found a bloodstained altar of Trog.
  7406 | D:6      | Reached skill level 5 in Conjurations
  7701 | D:6      | Reached XP level 8. HP: 41/41 MP: 0/19
  8122 | D:6      | Reached skill level 5 in Dodging
  8634 | D:6      | Reached * piety under Sif Muna
  9300 | D:7      | Found Cahoewk's Antique Armour Boutique.
  9300 | D:7      | Noticed a hippogriff
  9379 | D:7      | Found Kylyq's Antique Weapon Emporium.
  9385 | D:7      | Noticed Harold
  9394 | D:7      | Killed from afar by a shadow imp

Levels and vault maps discovered:
D:1:      dpeg_arrival_long_road, layout_loops_ring, minmay_pentomino_u4
D:2:      layout_loops_ring, serial_forest, infiniplex_forest_lined_3_way,
          infiniplex_forest_clump_medium, infiniplex_forest_lined_2,
          infiniplex_forest_lined_4_way, infiniplex_forest_end_3,
          infiniplex_forest_clump_medium, infiniplex_forest_clump_double
D:3:      layout_basic, okawaru_trees_2, uniq_crazy_yiuf_cottage
D:4:      layout_basic, nemelex_xobeh_ov_fountains_minmay, serial_shops, shop,
          nicolae_shop_overgrown_old_shop, shop, nicolae_shop_stone,
          ebering_ghost_gozag, uniq_robin, uniq_sigmund
D:5:      layout_cave_pools, old_standard_altar,
          minmay_overflow_temple_star_quad, minmay_temple_entry_butterflies,
          serial_shops, nicolae_shop_behind_doors, first_ration
D:6:      layout_layer_cave, gup_sewer_entry_bowl
D:7:      layout_cave_pools, zin_purify, old_standard_altar, lemuel_round_altar,
          serial_shops, shop, shop, nicolae_shop_crystal, shop_statue,
          uniq_maggie, uniq_duvessa, uniq_harold
Temple:   minmay_temple_bridge_abc

Skill      XL: |  1  2  3  4  5  6  7  8 |
---------------+-------------------------+-----
Conjurations   | 2 3 4 5 6 |  6.2
Dodging        | 3 4 5 |  5.2
Spellcasting   | 5 6 |  6.6
Poison Magic   | 1 2 3 |  3.5
Air Magic      | 1 2 3 |  3.2
Translocations | 2 3 |  3.9
Summonings     | 2 3 |  3.8
Stealth        | |  2.4

Action                   |  1- 3 |  4- 6 |  7- 9 || total
-------------------------+-------+-------+-------++-------
Melee: Scythe            |       |    15 |    27 ||    42
 Cast: Magic Dart        |   107 |   123 |   165 ||   395
       Blink             |       |     1 |       ||     1
       Mephitic Cloud    |       |     2 |     9 ||    11
       Call Imp          |       |     1 |       ||     1
       Conjure Flame     |       |       |    11 ||    11
 Stab: Confused          |       |     1 |     1 ||     2
       Sleeping          |       |     1 |     1 ||     2
  Eat: Chunk             |     6 |    10 |     9 ||    25
Armor: Robe              |     1 |     2 |       ||     3
       Animal skin       |       |    18 |    24 ||    42
Dodge: Dodged            |     9 |    43 |    41 ||    93

Table legend:
 A = Non-vault XP
 B = Vault XP
 C = Vault XP percentage of total XP
 D = Non-vault monster count
 E = Vault monster count
 F = Vault count percentage of total count
                 A         B        C        D         E       F
            +---------+---------+-------+---------+---------+-------
      Total |    1882 |     253 |  11.9 |     120 |      17 |  12.4
            +---------+---------+-------+---------+---------+-------
        D:1 |      37 |      12 |  24.5 |      22 |       4 |  15.4
        D:2 |      38 |       0 |   0.0 |      19 |       0 |   0.0
        D:3 |      77 |      17 |  18.1 |      13 |       2 |  13.3
        D:4 |     176 |     219 |  55.4 |      13 |       8 |  38.1
        D:5 |     196 |       0 |   0.0 |      17 |       0 |   0.0
        D:6 |    1356 |       5 |   0.4 |      35 |       3 |   7.9
        D:7 |       2 |       0 |   0.0 |       1 |       0 |   0.0
            +---------+---------+-------+---------+---------+-------
